 Dungeon Crawl Stone Soup version 0.21.1-1-g345015f (webtiles) character file.

14 vatarom the Scratcher (level 2, -1/12 HPs)
             Began as a Felid Transmuter on Mar 23, 2018.
             Slain by a gnoll
             ... wielding a +0 club
              (7 damage)
             ... on level 1 of the Dungeon.
             The game lasted 00:01:07 (814 turns).

vatarom the Scratcher (Felid Transmuter)             Turns: 814, Time: 00:01:08

Health: -1/12      AC:  1    Str:  6    XL:     2   Next: 27%
Magic:  4/6        EV: 18    Int: 14    God:
Gold:   57         SH:  0    Dex: 16    Spells: 2/5 levels left
                                        Lives:  0   Deaths: 0

rFire    . . .     SeeInvis +     - Unarmed
rCold    . . .     Gourm    .   (shield unavailable)
rNeg     . . .     Faith    .   (armour unavailable)
rPois    .         Spirit   .   (helmet unavailable)
rElec    .         Reflect  .   (cloak unavailable)
rCorr    +         Harm     .   (gloves unavailable)
MR       .....                  (boots unavailable)
Stlth    ++........             (no amulet)
HPRegen  0.04/turn              m - ring of resist corrosion
MPRegen  0.10/turn              (no ring)

@: appendage, quick
A: very small, no armour, no weapons or thrown items, stealth, claws 1, fangs 3,
horns 2, see invisible, carnivore, speed 1, shaggy fur 1, slow metabolism 1,
sharp paws
a: End Transformation


You were on level 1 of the Dungeon.
You were very full.
You had grown temporary horns.
You visited 1 branch of the dungeon, and saw 2 of its levels.

You collected 57 gold pieces.

Inventory:

Missiles
 a - 11 arrows
Jewellery
 m - a ring of resist corrosion (left paw)
Scrolls
 d - a scroll of teleportation {unknown}
 f - a scroll of enchant armour {unknown}
 g - a scroll of amnesia {unknown}
 i - a scroll of remove curse {unknown}
 k - 2 scrolls of identify {unknown}
 l - a scroll of fear {unknown}
 n - a scroll of blinking {unknown}
 o - a scroll of noise {unknown}
Potions
 e - a potion of curing {unknown}
 h - a potion of haste {unknown}
 j - a potion of lignification {unknown}
Books
 b - a book of Changes

   Spells                             Type                      Level
   a - Beastly Appendage              Transmutation                1
   b - Sticks to Snakes               Transmutation                2
   c - Spider Form                    Transmutation/Poison         3
   d - Ice Form                       Ice/Transmutation            4
   e - Blade Hands                    Transmutation                5
Comestibles
 c - 2 rations


   Skills:
 + Level 1.2 Fighting
 + Level 2.9 Dodging
 * Level 3.2 Unarmed Combat
 - Level 2.0 Spellcasting
 * Level 2.6 Transmutations


You had 2 spell levels left.
You knew the following spells:

 Your Spells              Type           Power        Failure   Level  Hunger
a - Beastly Appendage     Tmut           #.....       9%          1    ##.....
b - Sticks to Snakes      Tmut           #.......     12%         2    ###....


Dungeon Overview and Level Annotations

Branches:
Dungeon (2/15)

Altars:


Innate Abilities, Weirdness & Mutations

You cannot wear armour.
You are incapable of wielding weapons or throwing items.
Your paws allow you to move quietly. (Stealth)
You have sharp claws.
You have razor-sharp teeth.
You have supernaturally acute eyesight. (SInv)
You are carnivorous and can eat meat at any time.
You cover ground quickly.
You are covered in fur. (AC +1)
You have a slow metabolism.
Your sharp claws are effective at attacking unaware monsters.
You have a pair of horns on your head.


Message History

The gnoll hits your ball python with a whip.
Your ball python dies!
Your magical contamination has completely faded away.
There is a stone staircase leading up here.
There is a stone staircase leading up here.
Casting: Sticks to Snakes
Confirm with . or Enter, or press ? or * to list all spells.
You grow a pair of large bovine horns.
You scratch the gnoll but do no damage. The gnoll hits you with a club.
Ouch! That really hurt!
The gnoll closely misses you.
You climb upwards.
There is a stone staircase leading down here.
Unknown command.
You completely miss the gnoll. The gnoll closely misses you.
You scratch the gnoll. Your headbutt misses the gnoll.
The gnoll is lightly wounded.
The gnoll hits you with a club!
Ouch! That really hurt!
You die...

#.##.##.# #.......#.......
#.##.##.# #.......#.##.##.
#.##.##.# #.......#.##.##.
#.......# #.##.##.#.##.... ###
####.#### #.##.##.#.##.#.. ..#
#.# #.......#.##.#.. ..# #.#
##.##............ ..#
#.#####g.........####.# ..###
#.....@..........####.#
....#############...#...........#
..#......# ##.##......######
..######[# #......#### # ..#
#.#### ###...## # ..# #....#
#...# # ### ####.# #...# # #.#
#...# ## ##### #.# #...# ######.


You could see a gnoll.

Vanquished Creatures
  3 giant cockroaches
  2 hobgoblins (D:1)
  2 bats (D:1)
  A frilled lizard (D:1)
  2 goblins (D:1)
  A kobold (D:1)
  4 rats (D:1)
15 creatures vanquished.

Notes
Turn   | Place    | Note
-------+----------+-------------------------------------------
     0 | D:1      | vatarom the Felid Transmuter began the quest for the Orb.
     0 | D:1      | Reached XP level 1. HP: 9/9 MP: 4/4
   319 | D:1      | Reached XP level 2. HP: 12/12 MP: 4/6
   736 | D:1      | Learned a level 2 spell: Sticks to Snakes
   814 | D:1      | Slain by a gnoll

Action                   || total
-------------------------++-------
Melee: Unarmed           ||    34
       Headbutt          ||     1
 Cast: Beastly Appendage ||    10
       Sticks to Snakes  ||     1
 Stab: Sleeping          ||     4
  Eat: Chunk             ||     6
Armor: Skin              ||     2
Dodge: Dodged            ||    23
